 Dungeon Crawl Stone Soup version 0.32-a0-995-gb4a59205af (webtiles) character file.

Game seed: 2181140346164592349

97 protoss039 the Digger (level 4, 0/33 HPs)
             Began as a Demonspawn Earth Elementalist on Apr 22, 2024.
             Incinerated by a bombardier beetle (2 damage)
             ... with a burning spray
             ... on level 2 of the Dungeon.
             The game lasted 00:02:58 (1747 turns).

protoss039 the Digger (DsEE)                        Turns: 1747, Time: 00:02:59

Health: 0/33       AC:  5    Str:  8    XL:     4   Next: 42%
Magic:  15/17      EV: 11    Int: 17    God:
Gold:   95         SH:  0    Dex: 14    Spells: 1/8 levels left

rFire   + . .        f - +0 dagger (freeze)
rCold   + . .        (no shield)
rNeg    . . .        a - +0 robe
rPois   +            n - +0 helmet
rElec   +            c - +0 cloak
rCorr   +            (no gloves)
SInv    .            (no boots)
Will    .....        (no amulet)
Stlth   +            l - ring of magical power
HPRegen 0.25/turn    q - ring of poison resistance
MPRegen 0.15/turn

%: no passive effects
@: on fire, resistant, glowing
A: rugged brown scales 1
a: no special abilities


You were on level 2 of the Dungeon.
You visited 1 branch of the dungeon, and saw 3 of its levels.

You collected 95 gold pieces.

Inventory:

Hand Weapons
 f - a +0 dagger of freezing (weapon)
Armour
 a - a +0 robe (worn)
 c - a +0 cloak (worn)
 n - a +0 helmet (worn)
Jewellery
 l - a ring of magical power (left hand)
 q - a ring of poison resistance (right hand)
Scrolls
 h - 3 scrolls of poison
 j - a scroll of amnesia
 p - a scroll of blinking {unknown}
 r - a scroll of teleportation {unknown}
 s - a scroll of fog {unknown}
 t - a scroll of revelation {unknown}
Potions
 b - a potion of magic
 k - a potion of mutation {unknown}
 m - a potion of brilliance {unknown}
 o - a potion of ambrosia {unknown}


   Skills:
 + Level 2.2 Fighting
 - Level 1.7 Dodging
 - Level 1.7 Stealth
 + Level 2.9 Spellcasting
 - Level 1.0 Conjurations
 + Level 3.5 Earth Magic


You had one spell level left.
You knew the following spells:

 Your Spells              Type           Power      Damage    Failure   Level
a - Sandblast             Erth           28%        2d8       4%          1
b - Passwall              Erth           14%        N/A       12%         3
c - Stone Arrow           Conj/Erth      20%        3d8       21%         3

Your spell library contained the following spells:

 Spells                   Type           Power      Damage    Failure   Level
 Brom's Barrelling Bould  Conj/Erth      10%        2d3       56%         4
 Petrify                  Alch/Erth      8%         N/A       63%         4


Dungeon Overview and Level Annotations

Branches:
Dungeon (3/15) Zot: 16216

Altars:


Innate Abilities, Weirdness & Mutations

You are partially covered in rugged brown scales. (AC +1, +3% HP)


Message History

Aim: an adder (severely wounded, 70% to hit)
The blast of sand hits the adder.
You kill the adder!
The liquid fire burns you!
The bombardier beetle closely misses you.
The liquid fire burns you! The bombardier beetle bites you.
You shake off some of the fire as you move.
You climb upwards.
The liquid fire burns you!
* * * LOW HITPOINT WARNING * * *
There is a stone staircase leading down here.
Okay, then.
You feel much better. The liquid fire burns you!
The air fills with toxic fumes!
As you read the scroll labelled IBEMAO VAOJ, it crumbles to dust.
It was a scroll of poison.
The liquid fire burns you!
The bombardier beetle bites you but does no damage.
Unknown command.
Okay, then.
As you read the scroll labelled YTZAEQ HAMU, it crumbles to dust.
It is a scroll of brand weapon.
Your +0 dagger is covered with a thin layer of ice!
f - a +0 dagger of freezing (weapon)
The liquid fire burns you!
* * * LOW HITPOINT WARNING * * *
As you read the scroll labelled TYASEBLE WORAPH, it crumbles to dust.
It is a scroll of identify.
j - a scroll of amnesia The liquid fire burns you!
* * * LOW HITPOINT WARNING * * *
The bombardier beetle bites you.
* * * LOW HITPOINT WARNING * * *
Unknown command.
It was a potion of resistance.
You feel protected. The liquid fire burns you!
You die...

#...†..# # #.####§#
#.####§# ############
#>#..§§# #...........
#.#§##§## #.##........
#.#§#§§§####.##.##...#.
#..§§§§§§§......##...#.
###§#§§§#.......##...##
#§§§§§@§#..............
###§§§§B#§#..............
#§§§§§§§.§#.............#
#§§§§§§§.§§.......##.....
#§§§§§§§~§§§......###....
###§§§§§~§§§§............
#§§§§§~§§§#########....
##§#§§.§§§##......##...
#.#########.####.##...


You could see a bombardier beetle.

Vanquished Creatures
  5 adders
  2 dart slugs (D:2)
  4 endoplasms
  2 giant cockroaches
  6 hobgoblins
  5 jackals
  6 kobolds
  2 ball pythons
  6 bats
  A frilled lizard (D:1)
  3 goblins
  4 rats
46 creatures vanquished.

Notes
Turn   | Place    | Note
-------+----------+-------------------------------------------
     0 | D:1      | protoss039 the Demonspawn Earth Elementalist began the
                  | quest for the Orb.
     0 | D:1      | Reached XP level 1. HP: 13/13 MP: 3/3
   356 | D:1      | Gained mutation: You are partially covered in rugged brown
                  | scales. (AC +1, +3% HP) [demonic ancestry]
   356 | D:1      | Reached XP level 2. HP: 14/20 MP: 0/5
   484 | D:1      | Reached skill level 1 in Fighting
   553 | D:1      | Reached skill level 3 in Earth Magic
   809 | D:1      | You fall into a shaft and drop 1 floor!
   893 | D:2      | Found a faded altar of an unknown god.
   911 | D:2      | Reached XP level 3. HP: 23/26 MP: 0/6
  1251 | D:2      | Reached XP level 4. HP: 12/33 MP: 8/8
  1727 | D:2      | Learned a level 3 spell: Passwall
  1731 | D:2      | Learned a level 3 spell: Stone Arrow
  1747 | D:2      | Incinerated by a bombardier beetle

Illustrated notes

Levels and vault maps discovered:
D:1:      dpeg_arrival_concentric_ovals, layout_basic
D:2:      layout_loops_cross, hellmonk_ecumenical_altar_pennies_from_heaven,
          grunt_ministairs_2, minivault_24
D:3:      layout_loops_ring, dancing_weapons_uskayaw

Skill      XL: |  1  2  3 |
---------------+----------+-----
Fighting       | 1 2 |  2.2
Earth Magic    | 3 |  3.5
Dodging        | |  1.7
Stealth        | |  1.7
Spellcasting   | |  2.9
Conjurations   | |  1.0

Action                     |  1- 3 |  4- 6 || total
---------------------------+-------+-------++-------
  Melee: Unarmed           |    12 |       ||    12
         Dagger            |    43 |     4 ||    47
   Cast: Sandblast         |    50 |    15 ||    65
    Use: Potion            |     2 |     2 ||     4
         Scroll            |       |     3 ||     3
   Stab: Sleeping          |     1 |       ||     1
 Armour: Robe              |    63 |     7 ||    70
  Dodge: Dodged            |    59 |    11 ||    70

Table legend: (Time is in decaauts)
 A = Elapsed time spent in this place.
 B = Non-inter-level travel time spent in this place.
 C = Inter-level travel time spent in this place.
 D = Time resting spent in this place.
 E = Time spent auto-exploring this place.
 F = Levels seen in this place.
 G = Mean time per level.
                   A        B        C        D        E       F      G
               +--------+--------+--------+--------+--------+-----+--------+
         Total |   1783 |   1753 |     30 |    296 |   1036 |   3 |  594.3 |
       Dungeon |   1783 |   1753 |     30 |    296 |   1036 |   3 |  594.3 |
               +--------+--------+--------+--------+--------+-----+--------+

Top non-repeatable levels by time:
     D:2: 951 daAuts
     D:1: 821 daAuts
     D:3: 10 daAuts
